 Dungeon Crawl Stone Soup version 0.19.0-19-g8c6edcc (webtiles) character file.

5439 Garfong the Grappler (level 10, -1/98 HPs)
             Began as a Troll Monk on Nov 14, 2016.
             Was a Priest of Ru.
             Killed from afar by a guardian serpent (33 damage)
             ... with a bolt of poison
             ... on level 9 of the Dungeon.
             The game lasted 00:31:53 (6476 turns).

Garfong the Grappler (Troll Monk)                   Turns: 6476, Time: 00:32:00

Health: -1/98      AC:  6    Str: 21    XL:     10   Next: 41%
Magic:  9/9        EV: 12    Int:  6    God:    Ru [***...]
Gold:   548        SH:  0    Dex: 15    Spells: 0 memorised, 9 levels left

rFire  . . .     SeeInvis .       - Unarmed
rCold  . . .     Gourm    +     a - +1 robe
rNeg   . . .     Faith    .     (no shield)
rPois  .         Spirit   .     (helmet restricted)
rElec  .         Reflect  .     (no cloak)
rCorr  .         Harm     .     (gloves unavailable)
MR     .....                    (boots unavailable)
Stlth  ++........               (no amulet)
                                (no ring)
                                h - ring of wizardry

@: lethally poisoned (-1 -> -3), exhausted, drained
A: unfitting armour, claws 3, fast metabolism 3, gourmand, regeneration 1,
shaggy fur 1, tough skin 2, hated by all, magic vulnerability 1, unskilled 1
a: Draw Out Power, Renounce Religion


You were on level 9 of the Dungeon.
You worshipped Ru.
Ru was most pleased with you.
You were full.

You visited 2 branches of the dungeon, and saw 10 of its levels.
You also visited: Ossuary.

You collected 548 gold pieces.

Inventory:

Hand Weapons
 t - a +0 blowgun
Missiles
 g - 2 needles of confusion
 n - 15 javelins (quivered)
 q - 3 needles of frenzy
 u - 34 poisoned needles
 H - 7 javelins of penetration
Armour
 a - a +1 robe (worn)
Jewellery
 h - a ring of wizardry (left claw)
Wands
 I - a wand of acid (15/15)
 M - a wand of lightning (14/15)
 O - a wand of flame (25/48)
Scrolls
 d - 2 scrolls of amnesia
 l - a scroll of enchant armour
 o - 2 scrolls of fog
 r - 4 scrolls of remove curse
 w - a scroll of vulnerability {unknown}
 y - 2 scrolls of identify
 B - a scroll of torment {unknown}
 D - a scroll of enchant weapon {unknown}
 F - 4 scrolls of teleportation
 L - a scroll of blinking
Potions
 c - 2 potions of berserk rage
 e - 2 potions of heal wounds
 i - 4 potions of brilliance
 k - 4 potions of ambrosia
 m - 4 potions of curing
 v - a potion of lignification {unknown}
 x - 3 potions of degeneration
 z - 2 potions of invisibility
 A - 3 potions of flight
 C - 2 potions of mutation {unknown}
 G - a potion of might {unknown}
 K - a potion of cure mutation {unknown}
 N - a potion of haste {unknown}
Books
 J - a book of Conjurations

   Spells                             Type                      Level
   a - Magic Dart                     Conjuration                  1
   b - Searing Ray                    Conjuration                  2
   c - Dazzling Spray                 Conjuration/Hexes            3
   d - Fulminant Prism                Conjuration/Hexes            4
   e - Iskenderun's Mystic Blast      Conjuration                  4
   f - Iskenderun's Battlesphere      Conjuration/Charms           5
Comestibles
 b - 5 bread rations
 f - 36 fruits
 j - 5 meat rations
 p - 3 slices of pizza
 s - 4 beef jerkies


   Skills:
 + Level 5.9(5.5) Fighting
 - Level 4.1(3.8) Dodging
 - Level 0.9(0.5) Stealth
 - Level 12.0(11.6) Unarmed Combat


You had 9 spell levels left.
You didn't know any spells.

Dungeon Overview and Level Annotations

Branches:
Dungeon (9/15)             Temple (1/1) D:6            Lair (0/6) D:8
    Orc: D:9-12

Altars:
Ashenzari
Cheibriados
Dithmenos
Elyvilon
Fedhas
Gozag
Hepliaklqana
Kikubaaqudgha
Makhleb
Nemelex Xobeh
Okawaru
Qazlal
Ru
Sif Muna
Trog
Uskayaw
Vehumet
Xom
Yredelemnul
Zin
The Shining One

Shops:
D:5 (


Innate Abilities, Weirdness & Mutations

You are too large for most types of armour.
You have claws for hands.
Your metabolism is lightning-fast.
You like to eat raw meat.
Your natural rate of healing is unusually fast.
You are covered in fur. (AC +1)
You have very tough skin. (AC +2)
You are hated by all.
You are slightly vulnerable to magic. (MR-)
You are somewhat unskilled. (-1 Apt)


Message History

You scratch the guardian serpent. Your claw misses the guardian serpent.
The guardian serpent is heavily wounded.
The guardian serpent hits you!!
The guardian serpent begins to cast a spell, but is stunned by your will!
You scratch the guardian serpent but do no damage.
The guardian serpent is heavily wounded.
The guardian serpent hits you!
The guardian serpent completely misses you.
You claw the guardian serpent! You claw the guardian serpent.
The guardian serpent is severely wounded.
The guardian serpent stops glowing.
The guardian serpent hits you!!
* * * LOW HITPOINT WARNING * * *
The guardian serpent misses you.
You are restored by drawing out deep reserves of power within.
You feel drained.
The guardian serpent begins to cast a spell, but is stunned by your will!
The guardian serpent casts a spell at you.
The bolt of poison hits you!
You are poisoned.
You die...

###### #....#####
#..@S....#
#..##+##.#
#..#/($#..
#########..#!(/#..
#..........#####..
#.####..##.#
#.####..#..#####
####.##.............
#.......#..####.#.<[


You could see a guardian serpent.

Vanquished Creatures
  Pikel (D:4)
  A hill giant (D:7)
  The ghost of Harvester the Grappler, a novice TrBe of Trog (D:5)
  Prince Ribbit (D:7)
  A hippogriff (D:6)
  A wraith (D:5)
  2 hungry ghosts
  Menkaure (D:6)
  Edmund (D:4)
  Duvessa (D:6)
  A water moccasin (D:7)
  A black bear (D:7)
  A sky beast (D:8)
  2 orc warriors (D:7)
  An ice beast (D:6)
  A necrophage (D:7)
  A phantom (D:8)
  3 ogres
  5 centaurs
  A big kobold (D:8)
  2 bullfrogs
  2 elf zombies (Ossuary)
  Dowan (D:6)
  A scorpion (D:5)
  2 howler monkeys
  6 crimson imps
  A bullfrog zombie (D:7)
  2 bullfrog skeletons
  3 orc priests
  2 hounds
  A jelly (D:8)
  A gnoll shaman (D:5)
  A human zombie (Ossuary)
  2 iguanas
  6 orc wizards
  4 worker ants
  A big kobold zombie (Ossuary)
  The ghost of ninjaorigami the Shooter, a weakling HEHu (D:4)
  2 mummies (Ossuary)
  A worker ant zombie (D:8)
  13 gnolls
  8 adders
  2 shadow imps
  2 oozes
  An adder skeleton (D:5)
  2 worms
  3 dart slugs
  5 leopard geckos
  18 orcs
  A ball python (D:4)
  6 giant cockroaches
  8 goblins
  6 hobgoblins
  16 jackals
  6 kobolds
  4 quokkas
  8 bats
  5 frilled lizards
  13 hobgoblin zombies (Ossuary)
  A jackal zombie (Ossuary)
  11 kobold zombies (Ossuary)
  2 leopard gecko skeletons (D:5)
  6 orc zombies (Ossuary)
  5 rats
  2 rat zombies (Ossuary)
224 creatures vanquished.

Vanquished Creatures (others)
  A centaur zombie (D:6)
  A centaur skeleton (D:4)
  A howler monkey zombie (D:5)
3 creatures vanquished.

Grand Total: 227 creatures vanquished

Notes
Turn   | Place    | Note
-------+----------+-------------------------------------------
     0 | D:1      | Garfong the Troll Monk began the quest for the Orb.
     0 | D:1      | Reached XP level 1. HP: 22/22 MP: 0/0
    52 | D:1      | Reached XP level 2. HP: 29/29 MP: 1/1
   176 | D:1      | Reached skill level 4 in Unarmed Combat
   606 | D:1      | Reached XP level 3. HP: 36/36 MP: 2/2
  1264 | D:3      | Reached XP level 4. HP: 44/44 MP: 3/3
  1326 | D:3      | Reached skill level 5 in Unarmed Combat
  2000 | D:4      | Noticed a slave
  2002 | D:4      | Noticed a slave
  2002 | D:4      | Noticed a slave
  2006 | D:4      | Noticed Pikel
  2006 | D:4      | Reached XP level 5. HP: 40/50 MP: 4/4
  2013 | D:4      | Noticed a slave
  2121 | D:4      | Noticed ninjaorigami's ghost (weakling HEHu)
  2143 | D:4      | Killed ninjaorigami's ghost
  2143 | D:4      | Reached skill level 6 in Unarmed Combat
  2195 | D:4      | Noticed Edmund
  2223 | D:4      | Killed Edmund
  2223 | D:4      | Reached XP level 6. HP: 26/59 MP: 5/5
  2225 | D:4      | Reached skill level 7 in Unarmed Combat
  2381 | D:4      | Reached skill level 8 in Unarmed Combat
  2384 | D:4      | Reached XP level 7. HP: 52/66 MP: 6/6
  2514 | D:4      | Killed Pikel
  2514 | D:4      | Reached skill level 9 in Unarmed Combat
  2514 | D:4      | Reached XP level 8. HP: 64/74 MP: 7/7
  2684 | D:4      | You fall through a shaft for 3 floors!
  2694 | D:7      | Reached skill level 10 in Unarmed Combat
  2698 | D:7      | Noticed a hippogriff
  2735 | D:6      | Killed a hippogriff
  2811 | D:6      | Found a staircase to the Ecumenical Temple.
  2820 | Temple   | Entered the Ecumenical Temple
  3062 | Temple   | Became a worshipper of Ru the Awakened
  3065 | Temple   | Gained mutation: You are hated by all. [Ru sacrifice]
  3065 | Temple   | Reached * piety under Ru
  3134 | D:5      | Entered Level 5 of the Dungeon
  3156 | D:5      | Found Buduvaf's Antique Weapon Boutique.
  3223 | D:5      | Reached skill level 11 in Unarmed Combat
  3374 | D:5      | Noticed Harvester's ghost (novice TrBe)
  3401 | D:5      | Killed Harvester's ghost
  3424 | D:5      | Reached XP level 9. HP: 79/80 MP: 8/8
  3460 | D:5      | Reached skill level 12 in Unarmed Combat
  3683 | D:5      | Found a radiant altar of Vehumet.
  3945 | D:5      | Found a shattered altar of Ashenzari.
  3980 | D:6      | Found a stormy altar of Qazlal.
  3980 | D:6      | Noticed Duvessa
  3981 | D:6      | Noticed Dowan
  3981 | D:6      | Noticed Menkaure
  3995 | D:6      | Killed Menkaure
  3997 | D:6      | Killed Dowan
  4079 | D:6      | Killed Duvessa
  4547 | D:7      | Reached skill level 13 in Unarmed Combat
  4596 | D:7      | Found an iron altar of Okawaru.
  4682 | D:7      | Noticed Prince Ribbit
  4786 | D:7      | Killed Prince Ribbit
  4980 | D:7      | Gained mutation: You are somewhat unskilled. (-1 Apt) [Ru sacrifice]
  4980 | D:7      | Reduced skill Unarmed Combat to level 12
  4980 | D:7      | Reached ** piety under Ru
  5017 | D:7      | Noticed a hill giant
  5031 | D:7      | Killed a hill giant
  5031 | D:7      | Reached XP level 10. HP: 58/92 MP: 9/9
  5195 | D:7      | Found a blossoming altar of Fedhas.
  5362 | D:8      | Found a staircase to the Lair.
  5423 | D:8      | Reached skill level 5 in Fighting
  5577 | D:8      | Found a sand-covered staircase.
  5581 | Ossuary  | Entered an ossuary
  6026 | D:8      | Found a burning altar of Makhleb.
  6229 | D:8      | Found a shattered altar of Ashenzari.
  6443 | D:9      | Gained mutation: You are slightly vulnerable to magic. (MR-) [Ru sacrifice]
  6443 | D:9      | Reached *** piety under Ru
  6469 | D:9      | Noticed a guardian serpent
  6476 | D:9      | Killed from afar by a guardian serpent

Skill      XL: |  1  2  3  4  5  6  7  8  9 10 |
---------------+-------------------------------+-----
Unarmed Combat | 4 5 6 8 9 11 12 | 12.0
Dodging        | 4 |  4.1
Fighting       | 4 5 |  5.9
Stealth        | 0 |  0.9

Action                   |  1- 3 |  4- 6 |  7- 9 | 10-12 || total
-------------------------+-------+-------+-------+-------++-------
Melee: Unarmed           |    86 |   136 |   218 |   189 ||   629
       Punch             |     1 |     2 |    10 |    10 ||    23
Invok: Sacrifice Love    |       |       |     1 |       ||     1
       Sacrifice Skill   |       |       |     1 |       ||     1
       Draw Out Power    |       |       |       |     1 ||     1
       Sacrifice Essence |       |       |       |     1 ||     1
  Use: Scroll            |     1 |     7 |     4 |     8 ||    20
       Potion            |       |       |     1 |       ||     1
 Stab: Sleeping          |     2 |     5 |     4 |     4 ||    15
  Eat: Chunk             |    17 |    10 |    20 |    14 ||    61
       Meat ration       |       |       |       |     1 ||     1
Armor: Robe              |    25 |    26 |    51 |    38 ||   140
Dodge: Dodged            |    40 |    52 |    86 |    56 ||   234
